 Dungeon Crawl Stone Soup version 0.28.0-53-g5a82cb258f (webtiles) character file.

Game seed: 11324899646799329266

88 ChickenMitten the Skirmisher (level 4, 0/50 HPs)
             Began as an Ogre Monk on Aug 6, 2022.
             Succumbed to an adder's poison
             ... on level 3 of the Dungeon.
             The game lasted 00:01:56 (1618 turns).

ChickenMitten the Skirmisher (Ogre Monk)            Turns: 1618, Time: 00:01:57

Health: 0/50       AC:  3    Str: 23    XL:     4   Next: 54%
Magic:  4/4        EV: 10    Int: 11    God:
Gold:   24         SH:  0    Dex: 11    Spells: 3/3 levels left

rFire   . . .      SeeInvis .   a - +0 mace
rCold   . . .      Faith    .   (no shield)
rNeg    . . .      Spirit   .   b - +0 robe
rPois   .          Reflect  .   (helmet restricted)
rElec   .          Harm     .   (no cloak)
rCorr   .          Rampage  .   (gloves unavailable)
Will    .....                   (boots unavailable)
Stlth   ++........              (no amulet)
HPRegen 0.16/turn               c - +6 ring of strength
MPRegen 0.09/turn               (no ring)

@: lethally poisoned (0 -> -2), hasted, very quick
A: large, unfitting armour, tough skin 1
a: no special abilities


You were on level 3 of the Dungeon.
You visited 1 branch of the dungeon, and saw 3 of its levels.

You collected 24 gold pieces.

Inventory:

Hand Weapons
 a - a +0 mace (weapon)
Armour
 b - a +0 robe (worn)
Jewellery
 c - a +6 ring of strength (left hand)
Scrolls
 e - a scroll of blinking {unknown}


   Skills:
 * Level 5.2 Fighting
 * Level 3.8 Maces & Flails
 * Level 1.0 Armour
 - Level 2.6 Dodging
 - Level 1.4 Stealth


You had 3 spell levels left.
You didn't know any spells.
Your spell library was empty.

Dungeon Overview and Level Annotations

Branches:
Dungeon (3/15)

Altars:


Innate Abilities, Weirdness & Mutations

You are too large for most types of armour.
You have tough skin. (AC +1)


Message History

You closely miss the adder.
You feel sick.
You are no longer poisoned.
The adder bites you but does no damage. The goblin hits you but does no damage.
You hit the adder but do no damage. The adder barely misses you.
The goblin closely misses you. The adder bites you.
You are poisoned.
The adder poisons you!
You thump the adder!
The adder is almost dead.
You feel sick. The endoplasm freezes you.
You are frozen.
The goblin hits you with a +0 club. The adder bites you.
You are more poisoned.
The adder poisons you! The endoplasm freezes you.
You are frozen.
The adder barely misses you. The goblin closely misses you.
You hit the adder but do no damage.
The adder is almost dead.
You feel sick. The adder bites you.
* * * LOW HITPOINT WARNING * * *
The endoplasm hits you.
* * * LOW HITPOINT WARNING * * *
The goblin closely misses you.
You hit the adder but do no damage.
The adder is almost dead.
You feel sick. The adder bites you but does no damage.
The endoplasm closely misses you. The goblin hits you with a +0 club.
* * * LOW HITPOINT WARNING * * *
The adder closely misses you.
You hit the adder.
You kill the adder!
* * * LOW HITPOINT WARNING * * *
You feel sick. The endoplasm freezes you.
You are frozen.
* * * LOW HITPOINT WARNING * * *
The goblin misses you.
Your Armour skill increases to level 1!
It was a potion of haste.
You feel yourself speed up.
You die...

.. ### ... ..
...######.#####
#............#
#..........#
#....g†..#
#....J@..#
######<#...#
#.# ### #..
####


You could see an endoplasm and a goblin.

Vanquished Creatures
  Jessica (D:2)
  A gnoll (D:2)
  2 adders
  A worm (D:2)
  2 dart slugs (D:1)
  6 bats (D:1)
  4 endoplasms (D:1)
  A giant cockroach (D:1)
  A goblin (D:2)
  A hobgoblin (D:1)
  A kobold (D:1)
  2 quokkas (D:1)
  4 ball pythons
  3 rats
30 creatures vanquished.

Notes
Turn   | Place    | Note
-------+----------+-------------------------------------------
     0 | D:1      | ChickenMitten the Ogre Monk began the quest for the Orb.
     0 | D:1      | Reached XP level 1. HP: 24/24 MP: 1/1
   370 | D:1      | Reached XP level 2. HP: 28/32 MP: 2/2
   924 | D:1      | Reached XP level 3. HP: 40/40 MP: 3/3
  1524 | D:2      | Noticed Jessica
  1528 | D:2      | Killed Jessica
  1529 | D:2      | Reached skill level 5 in Fighting
  1529 | D:2      | Reached XP level 4. HP: 50/50 MP: 4/4
  1588 | D:2      | Found a faded altar of an unknown god.
  1617 | D:3      | HP: 1/50 [frozen (3)]
  1618 | D:3      | Reached skill level 1 in Armour
  1618 | D:3      | Succumbed to an adder's poison

Illustrated notes

Levels and vault maps discovered:
D:1:      nzn_arrival_crosshair, layout_loops_ring
D:2:      layout_loops_corners, shapermc_ecumenical_altar_starsandcircs,
          kennysheep_small_spiral, chequers_serial_rivers_micro_e, uniq_robin,
          uniq_jessica
D:3:      layout_basic, uniq_crazy_yiuf_cottage, uniq_natasha

Skill      XL: |  1  2  3  4 |
---------------+-------------+-----
Maces & Flails | 3 |  3.8
Fighting       | 5 |  5.2
Armour         | 1 |  1.0
Dodging        | |  2.6
Stealth        | |  1.4

Action                   |  1- 3 |  4- 6 || total
-------------------------+-------+-------++-------
Melee: Mace              |    78 |    16 ||    94
       Punch             |     3 |     1 ||     4
  Use: Potion            |       |     1 ||     1
 Stab: Sleeping          |     5 |       ||     5
Armor: Robe              |    32 |     8 ||    40
Dodge: Dodged            |    39 |    13 ||    52
